 Dungeon Crawl Stone Soup version 0.31-a0-544-gceb718ecc6 (webtiles) character file.

Game seed: 3142503042848422316

32 lunkers the Ruffian (level 3, 0/28 HPs)
             Began as a Meteoran Shapeshifter on Aug 15, 2023.
             Was an Initiate of Ru.
             Slain by a goblin
             ... wielding a +0 dagger
              (2 damage)
             ... on level 2 of the Dungeon.
             The game lasted 00:01:39 (559 turns).

lunkers the Ruffian (Meteoran Shapeshifter)          Turns: 559, Time: 00:01:40

Health: 0/28       AC:  2    Str: 17    XL:     3   Next: 67%
Magic:  4/4        EV: 12    Int:  9    God:    Ru [......]
Gold:   29         SH:  0    Dex: 16    Spells: 2/2 levels left

rFire   . .          .
                       - Unarmed
rCold   . . .        (no shield)
rNeg    . . .        a - +0 animal skin
rPois   .            (helmet currently unavailable)
rElec   .            (cloak currently unavailable)
rCorr   .            (gloves currently unavailable)
SInv    +            (boots currently unavailable)
Will    .....        (no amulet)
Stlth   +            f - ring of see invisible
HPRegen 0.24/turn    (no ring)
MPRegen 0.09/turn

%: no passive effects
@: beast-form, glowing
A: beast (slay +2), sense surroundings 1, otherworldly, glowing, explore regen
a: Begin Untransformation, Renounce Religion


You were on level 2 of the Dungeon.
You worshipped Ru.
Ru was noncommittal.
You were a hulking beast.
You visited 1 branch of the dungeon, and saw 3 of its levels.

You collected 29 gold pieces.

Inventory:

Armour
 a - a +0 animal skin (worn)
 k - a +1 pair of gloves
Jewellery
 f - a ring of see invisible (left hand)
 j - a ring of ice
Talismans
 c - a beast talisman (active)
 d - a flux talisman
Scrolls
 e - 3 scrolls of revelation {unknown}
 g - a scroll of fog {unknown}
 h - 3 scrolls of identify {unknown}
 l - a scroll of fear {unknown}
Potions
 b - a potion of lignification
 i - a potion of curing {unknown}


   Skills:
 - Level 1.1 Fighting
 - Level 2.1 Dodging
 * Level 4.7 Unarmed Combat
 + Level 4.0 Shapeshifting


You had 2 spell levels left.
You didn't know any spells.
Your spell library was empty.

Dungeon Overview and Level Annotations

Branches:
Dungeon (3/15) Zot: 1246

Altars:
Nemelex Xobeh
Ru
Wu Jian

Shops:
D:1 (


Innate Abilities, Weirdness & Mutations

You are a hulking beast.
Your limbs bulge with bestial killing power. (Slay +2)
You passively map a small area around you.
You are easily found by Zot.
You glow in the dark.
You regain HP and MP as you explore.


Message History

You hit the jackal.
The jackal is moderately wounded.
The jackal barely misses you. The kobold barely misses you.
You completely miss the jackal.
The jackal is moderately wounded.
The kobold hits you with a +0 whip.
You barely miss the jackal. The kobold closely misses you.
The jackal bites you but does no damage.
The jackal closely misses you.
You hit the jackal.
The jackal is heavily wounded.
The jackal bites you. The kobold closely misses you.
The jackal bites you but does no damage.
The goblin barely misses you.
You hit the jackal.
You kill the jackal!
The jackal bites you but does no damage.
The kobold hits you with a +0 whip. The goblin hits you with a +0 dagger.
* * * LOW HITPOINT WARNING * * *
You punch the jackal!
You kill the jackal!
The kobold barely misses you. The goblin hits you with a +0 dagger.
* * * LOW HITPOINT WARNING * * *
You hit the kobold but do no damage. The kobold closely misses you.
The goblin hits you with a +0 dagger.
* * * LOW HITPOINT WARNING * * *
You barely miss the kobold. The goblin hits you with a +0 dagger.
* * * LOW HITPOINT WARNING * * *
The kobold hits you with a +0 whip.
* * * LOW HITPOINT WARNING * * *
You punch the kobold!
You kill the kobold!
The goblin hits you but does no damage.
Unknown command.
You closely miss the goblin. The goblin hits you with a +0 dagger.
* * * LOW HITPOINT WARNING * * *
You completely miss the goblin.
Unknown command.
You hit the goblin but do no damage. The goblin hits you with a +0 dagger.
You die...

, ,, , * * , ##
, * , #########
..###
........##.....
#..............
*
,...............
......†<.......
......†hg......
, ,
#.....)........
#..............
, ,
#..............
##.............
** *
#...|..##..... *
#####... ...#.,
,* ,, ...# ##..
* , * * , * *


You could see a goblin.

Vanquished Creatures
  A worm (D:3)
  An orc (D:3)
  3 bats
  2 endoplasms (D:1)
  A giant cockroach (D:3)
  A goblin (D:3)
  6 jackals
  2 quokkas
  4 frilled lizards
  3 kobolds
  2 rats (D:1)
26 creatures vanquished.

Notes
Turn   | Place    | Note
-------+----------+-------------------------------------------
     0 | D:1      | lunkers the Meteoran Shapeshifter began the quest for the
                  | Orb.
     0 | D:1      | Reached XP level 1. HP: 16/16 MP: 2/2
   192 | D:1      | Reached XP level 2. HP: 18/23 MP: 3/3
   235 | D:1      | Found Ciclais's Weapon Emporium.
   330 | D:2      | You fall into a shaft and drop 1 floor!
   380 | D:3      | Found an ornate altar of the Wu Jian Council.
   443 | D:3      | Found a sacrificial altar of Ru.
   451 | D:3      | Reached XP level 3. HP: 28/28 MP: 4/4
   456 | D:3      | Became a worshipper of Ru the Awakened
   536 | D:3      | Found a sparkling altar of Nemelex Xobeh.
   557 | D:2      | HP: 1/28 [goblin/+0 dagger (3)]
   559 | D:2      | Slain by a goblin

Illustrated notes

Levels and vault maps discovered:
D:1:      minmay_arrival_pointy, layout_loops_ring, serial_shops,
          nicolae_shop_getting_attention, hangedman_decor_lopped
D:2:      minmay_spotlight, layout_rooms, uniq_natasha
D:3:      layout_loops_ring, general_overflow_altar, okawaru_ov_weapons_minmay,
          nicolae_wu_jian_wuxing_cycle, nicolae_ru_awakened_eye,
          nemelex_xobeh_ov_fountains_minmay, gammafunk_ghost_smash,
          grunt_decor_one_mirror

Skill      XL: |  1  2  3 |
---------------+----------+-----
Unarmed Combat | 4 |  4.7
Shapeshifting  | 4 |  4.0
Fighting       | |  1.1
Dodging        | |  2.1

Action                     || total
---------------------------++-------
  Melee: Unarmed           ||    69
         Punch             ||     6
 Armour: Animal skin       ||    18
  Dodge: Dodged            ||    47

Table legend: (Time is in decaauts)
 A = Elapsed time spent in this place.
 B = Non-inter-level travel time spent in this place.
 C = Inter-level travel time spent in this place.
 D = Time resting spent in this place.
 E = Time spent auto-exploring this place.
 F = Levels seen in this place.
 G = Mean time per level.
                   A        B        C        D        E       F      G
               +--------+--------+--------+--------+--------+-----+--------+
         Total |    552 |    478 |     74 |      0 |    270 |   3 |  184.0 |
       Dungeon |    552 |    478 |     74 |      0 |    270 |   3 |  184.0 |
               +--------+--------+--------+--------+--------+-----+--------+

Top non-repeatable levels by time:
     D:1: 327 daAuts
     D:3: 212 daAuts
     D:2: 12 daAuts
